 Dungeon Crawl Stone Soup version 0.29-a0-824-gd827844252 (webtiles) character file.

Game seed: 17881741000790682778

536 Malachi the Covert (level 7, -19/45 HPs)
             Began as an Octopode Brigand on July 9, 2022.
             Was an Initiate of Wu Jian.
             Demolished by an ogre
             ... wielding a +0 giant spiked club
              (35 damage)
             ... on level 5 of the Dungeon.
             The game lasted 00:04:59 (4161 turns).

Malachi the Covert (Octopode Brigand)               Turns: 4161, Time: 00:04:59

Health: -19/45     AC:  1    Str: 11    XL:     7   Next: 25%
Magic:  7/7        EV: 12    Int: 13    God:    Wu Jian [......]
Gold:   135        SH:  0    Dex: 15    Spells: 6/6 levels left

rFire   . . .      SeeInvis .   a - +2 dagger
rCold   . . .      Faith    .   (no shield)
rNeg    . . .      Spirit   .   (helmet restricted)
rPois   .          Reflect  .   (no amulet)
rElec   .          Harm     .   (no ring)
rCorr   .          Rampage  .   (no ring)
Will    .....                   (no ring)
Stlth   +++++.....              (no ring)
HPRegen 0.15/turn               (no ring)
MPRegen 0.10/turn               (no ring)
                                (no ring)
                                (no ring)

@: studying Stealth
A: almost no armour, amphibious, 8 rings, camouflage 1, gelatinous body 1,
(nimble swimmer 1), tentacles
a: Renounce Religion


You were on level 5 of the Dungeon.
You worshipped Wu Jian.
Wu Jian was noncommittal.
You visited 2 branches of the dungeon, and saw 6 of its levels.
You also visited: Sewer.

You collected 135 gold pieces.

Inventory:

Hand Weapons
 a - a +2 dagger (weapon)
Missiles
 b - 17 poisoned darts (quivered)
 c - 3 curare-tipped darts
Jewellery
 i - a +4 ring of evasion
Scrolls
 d - 2 scrolls of teleportation {unknown}
 g - a scroll of fear {unknown}
 k - 2 scrolls of magic mapping
 m - 3 scrolls of immolation
 n - 2 scrolls of vulnerability
 o - 2 scrolls of blinking
 q - a scroll of poison
 r - 2 scrolls of amnesia {unknown}
 u - a scroll of summoning {unknown}
 w - a scroll of fog {unknown}
Potions
 e - a potion of curing {unknown}
 f - 2 potions of invisibility {unknown}
 h - a potion of cancellation {unknown}
 j - a potion of mutation {unknown}
 l - 2 potions of magic {unknown}
 p - a potion of lignification {unknown}
 s - a potion of experience {unknown}
 t - 2 potions of heal wounds {unknown}
 v - a potion of attraction {unknown}
 x - a potion of might {unknown}


   Skills:
 - Level 2.0 Fighting
 * Level 6.7 Short Blades
 - Level 2.0 Throwing
 - Level 1.0 Dodging
 + Level 9.3 Stealth


You had 6 spell levels left.
You didn't know any spells.
Your spell library contained the following spells:

 Spells                   Type           Power      Damage    Failure   Level
 Inner Flame              Hex/Fire       0%         N/A       67%         3
 Cause Fear               Hex            0%         N/A       97%         4
 Discord                  Hex            0%         N/A       100%        8


Dungeon Overview and Level Annotations

Branches:
Dungeon (5/15)             Temple (1/1) D:5           Sewer (visited)

Altars:
Cheibriados
Dithmenos
Fedhas
Kikubaaqudgha
Makhleb
Nemelex Xobeh
Okawaru
Qazlal
Ru
Sif Muna
Trog
Uskayaw
Vehumet
Wu Jian
Yredelemnul
Zin
The Shining One

Shops:
D:2 :


Innate Abilities, Weirdness & Mutations

You cannot wear most types of armour.
You are amphibious.
You can wear up to eight rings at the same time.
Your skin changes colour to match your surroundings (Stealth+).
Your rubbery body absorbs attacks. (AC +1, EV +1)
((You are camouflaged when in or above water. (Stealth+)))
You have tentacles for arms and can constrict up to eight enemies at once.


Message History

You curl up in front of the altar of Wu Jian.
The Council welcomes you!
You can now perform damaging attacks by moving towards foes.
There is a staircase back to the Dungeon here.
You climb upwards.
Welcome back to the Dungeon!
There is a staircase to the Ecumenical Temple here.
r - 2 scrolls labelled LENIYX VUIGUCU (gained 1)
A dart slug comes into view.
A dart slug is nearby!
A dart slug is nearby!
Found a scroll labelled OXUOFR JICISE.
You lunge at the dart slug, in a flurry of attacks.
You barely miss the dart slug. You grab the dart slug.
You squeeze the dart slug!
The dart slug is almost dead.
You hit the dart slug.
You kill the dart slug!
The Council accepts your kill.
d - 2 scrolls labelled OXUOFR JICISE (gained 1)
Found a stone staircase leading up.
You now have 135 gold pieces (gained 16).
An ogre comes into view. It is wielding a +0 giant spiked club.
An ogre is nearby!
An ogre is nearby!
Found a stone staircase leading down.
You hit the ogre. You squeeze the ogre!
The ogre is heavily wounded.
You hit the ogre.
The ogre is heavily wounded.
The ogre hits you with a +0 giant spiked club!!
Ouch! That really hurt!
You hear a shout!
You are too injured to fight recklessly!
You are too injured to fight recklessly!
You are too injured to fight recklessly!
An orc comes into view. It is wielding a +0 club.
The ogre attacks as you move away!
The ogre hits you with a +0 giant spiked club!!
Ouch! That really hurt!
You die...

...........≈≈≈≈≈≈≈
#............≈≈≈≈≈≈≈≈≈ #..
........≈≈≈≈≈≈≈≈≈≈
#..#........≈≈≈≈≈≈...≈
...##....#.≈≈≈≈≈≈.>.≈
..........≈≈≈≈≈≈...≈
##>#.#...#..≈≈≈≈≈≈≈≈≈
#..#.....#....≈≈≈≈≈≈≈
#..O@...........≈≈≈≈≈
.....o.....#.##............
..........##.###.#..#####.#
......#...##.# #.#.## #..
......######<###...## ###
...... #..##.....# .....
###.###.....#######
......###...#..............
...........#.....#######


You could see an ogre and an orc.

Vanquished Creatures
  Pargi (Sewer)
  An ogre (D:4)
  A scorpion (D:4)
  3 iguanas
  An orc wizard (D:3)
  7 adders
  3 river rats (D:4)
  A worm (D:4)
  6 dart slugs
  11 orcs
  7 endoplasms
  6 giant cockroaches
  5 goblins
  4 hobgoblins
  2 jackals (D:4)
  A quokka (D:2)
  5 ball pythons
  A bat (D:3)
  6 frilled lizards
  10 kobolds
  2 rats
84 creatures vanquished.

Notes
Turn   | Place    | Note
-------+----------+-------------------------------------------
     0 | D:1      | Malachi the Octopode Brigand began the quest for the Orb.
     0 | D:1      | Reached XP level 1. HP: 14/14 MP: 1/1
   274 | D:1      | Reached XP level 2. HP: 19/19 MP: 2/2
   902 | D:2      | Reached XP level 3. HP: 24/24 MP: 3/3
  1234 | D:2      | Found a faded altar of an unknown god.
  1382 | D:2      | Found Tooloih's Book Shop.
  1385 | D:2      | Reached XP level 4. HP: 29/29 MP: 4/4
  2055 | D:3      | Reached skill level 5 in Short Blades
  2055 | D:3      | Reached XP level 5. HP: 15/34 MP: 5/5
  2376 | D:3      | Found a radiant altar of Vehumet.
  2651 | D:3      | Identified a scroll of acquirement
  2657 | D:3      | Acquired a manual of Stealth
  2673 | D:4      | Found a glowing drain.
  2714 | D:4      | Reached skill level 6 in Stealth
  2771 | Sewer    | Entered a sewer
  3098 | Sewer    | Noticed Pargi
  3102 | Sewer    | Killed Pargi
  3103 | Sewer    | Reached skill level 7 in Stealth
  3103 | Sewer    | Reached XP level 6. HP: 39/39 MP: 6/6
  3230 | D:4      | Reached skill level 8 in Stealth
  3621 | D:4      | Found a blossoming altar of Fedhas.
  3675 | D:4      | Found a basalt altar of Yredelemnul.
  3678 | D:4      | Found a sacrificial altar of Ru.
  3679 | D:4      | Found a burning altar of Makhleb.
  3686 | D:4      | Reached XP level 7. HP: 45/45 MP: 7/7
  3692 | D:4      | Reached skill level 9 in Stealth
  3943 | D:5      | Entered Level 5 of the Dungeon
  3967 | D:5      | Found a staircase to the Ecumenical Temple.
  3990 | Temple   | Entered the Ecumenical Temple
  4039 | Temple   | Became a worshipper of the Wu Jian Council
  4161 | D:5      | Demolished by an ogre

Illustrated notes

Levels and vault maps discovered:
D:1:      giann_bridges, layout_rooms
D:2:      layout_basic, serial_shops, nicolae_shop_waterfront,
          serial_corexii_hall, corexii_hall_statues_l,
          corexii_hall_statues_deadend, hellmonk_ecumenical_altar_inner_sanctum
D:3:      layout_basic, lemuel_tele_altar
D:4:      layout_loops_ring, grunt_temple_overflow_open, fedhas_ov_isle_minmay,
          portal_sewer_entry_a, saegor_snake_ambush
D:5:      layout_rooms, temple_pool_b
Temple:   chequers_temple_sunken

Skill      XL: |  1  2  3  4  5  6  7 |
---------------+----------------------+-----
Short Blades   | 3 4 5 6 |  6.7
Stealth        | 7 8 9 |  9.3
Fighting       | |  2.0
Throwing       | |  2.0
Dodging        | |  1.0

Action                   |  1- 3 |  4- 6 |  7- 9 || total
-------------------------+-------+-------+-------++-------
Melee: Dagger            |    33 |   111 |    12 ||   156
       Tentacles         |     4 |    29 |     2 ||    35
       Constrict         |     5 |    22 |     2 ||    29
Invok: Lunge             |       |       |     1 ||     1
  Use: Scroll            |       |     7 |       ||     7
 Stab: Sleeping          |     9 |    20 |     6 ||    35
       Distracted        |     1 |       |       ||     1
Armor: Skin              |     2 |     5 |     1 ||     8
Dodge: Dodged            |     7 |    48 |     1 ||    56

Table legend: (Time is in decaauts)
 A = Elapsed time spent in this place.
 B = Non-inter-level travel time spent in this place.
 C = Inter-level travel time spent in this place.
 D = Time resting spent in this place.
 E = Time spent auto-exploring this place.
 F = Levels seen in this place.
 G = Mean time per level.
                   A        B        C        D        E       F      G
               +--------+--------+--------+--------+--------+-----+--------+
         Total |   4122 |   4004 |    118 |   1290 |   2004 |   7 |  588.9 |
       Dungeon |   3715 |   3606 |    109 |   1106 |   1968 |   5 |  743.0 |
        Temple |     59 |     50 |      9 |      0 |      0 |   1 |   59.0 |
         Sewer |    348 |    348 |      0 |    184 |     36 |   1 |  348.0 |
               +--------+--------+--------+--------+--------+-----+--------+

Top non-repeatable levels by time:
     D:3: 1126 daAuts
     D:2: 1042 daAuts
     D:4: 913 daAuts
     D:1: 475 daAuts
   Sewer: 348 daAuts
     D:5: 157 daAuts
  Temple: 59 daAuts
